 Dungeon Crawl Stone Soup version 0.31-a0-879-g1609e0ac53 (webtiles) character file.

Game seed: 7309648772386258572

2082 gruber the Destroyer (level 9, -3/45 HPs)
             Began as a Deep Elf Conjurer on Oct 14, 2023.
             Was a Follower of Vehumet.
             Slain by an orc warrior
             ... wielding a +0 halberd
              (6 damage)
             ... on level 6 of the Dungeon.
             The game lasted 00:07:19 (7119 turns).

gruber the Destroyer (Deep Elf Conjurer)            Turns: 7119, Time: 00:07:20

Health: -3/45      AC:  7    Str: 10    XL:     9   Next: 6%
Magic:  0/19       EV: 17    Int: 28    God:    Vehumet [*.....]
Gold:   375        SH:  0    Dex: 13    Spells: 12/19 levels left

rFire   . . .        m - +2 dagger (venom)
rCold   . . .        (no shield)
rNeg    . . .        w - +0 steam dragon scales
rPois   .            (no helmet)
rElec   .            s - +0 cloak
rCorr   .            (no gloves)
SInv    .            u - +0 pair of boots
Will    .....        (no amulet)
Stlth   ++           q - +5 ring of evasion
HPRegen 0.27/turn    r - +6 ring of strength
MPRegen 0.16/turn

%: no passive effects
@: very slightly contaminated
A: no striking features
a: Renounce Religion


You were on level 6 of the Dungeon.
You worshipped Vehumet.
Vehumet was aware of your devotion.
You visited 1 branch of the dungeon, and saw 6 of its levels.

You collected 375 gold pieces.

Inventory:

Hand Weapons
 m - a +2 dagger of venom (weapon)
Missiles
 v - a throwing net
Armour
 s - a +0 cloak (worn)
 u - a +0 pair of boots (worn)
 w - +0 steam dragon scales (worn)
Jewellery
 p - a ring of ice
 q - a +5 ring of evasion (left hand)
 r - a +6 ring of strength (right hand)
Wands
 a - a wand of flame (11)
 x - a wand of paralysis (9)
Scrolls
 c - 3 scrolls of blinking {unknown}
 e - 6 scrolls of teleportation {unknown}
 f - 8 scrolls of identify {unknown}
 g - 3 scrolls of noise {unknown}
 i - a scroll of summoning {unknown}
 j - 4 scrolls of amnesia {unknown}
 k - a scroll of acquirement {unknown}
 t - a scroll of torment {unknown}
Potions
 b - 2 potions of magic
 d - a potion of heal wounds {unknown}
 h - 2 potions of ambrosia {unknown}
 l - 2 potions of might {unknown}
 n - 2 potions of attraction {unknown}
 o - 2 potions of curing {unknown}


   Skills:
 - Level 2.4 Dodging
 - Level 2.4 Stealth
 * Level 5.7 Spellcasting
 - Level 13.0 Conjurations


You had 12 spell levels left.
You knew the following spells:

 Your Spells              Type           Power      Damage    Failure   Level
a - Magic Dart            Conj           100%       1d8       1%          1
b - Searing Ray           Conj           100%       2d8       1%          2
c - Iskenderun's Mystic   Conj/Tloc      44%        2d10      4%          4

Your spell library contained the following spells:

 Spells                   Type           Power      Damage    Failure   Level
 Poisonous Vapours        Pois/Air       16%        N/A       10%         2
 Kiss of Death            Conj/Necr      100%       2d13      1%          1
 Dazzling Flash           Conj/Hex       88%        N/A       1%          3
 Flame Wave               Conj/Fire      44%        2d11      4%          4
 Fulminant Prism          Conj/Hex       22%        3d12      4%          4
 Scorch                   Fire           16%        2d5       10%         2
 Confusing Touch          Hex            8%         N/A       19%         3
 Dispel Undead            Necr           8%         3d8       52%         4
 Summon Cactus Giant      Summ           4%         N/A       100%        6


Dungeon Overview and Level Annotations

Branches:
Dungeon (6/15)
 Temple: D:4-7

Altars:
Kikubaaqudgha
Makhleb
Vehumet

Shops:
D:2 *


Message History

An orc warrior is nearby!
The magic dart hits the orc warrior but does no damage.
Casting: Magic Dart (safe; 1% risk of failure)
Confirm with . or Enter, or press ? or * to list all spells.
Aiming: Searing Ray (safe; 1% risk of failure)
Press: ? - help, Shift-Dir - straight line, f/p - orc warrior
Aim: an orc warrior, wielding a +0 halberd and wearing a +0 plate armour (83% to hit)
The searing ray hits the orc warrior.
The orc warrior is lightly wounded. (Press . to maintain the ray.)
The searing ray hits the orc warrior.
The orc warrior is lightly wounded.
The orc warrior completely misses you.
The searing ray hits the orc warrior.
The orc warrior is lightly wounded.
The orc warrior hits you from afar with a +0 halberd!!
The searing ray hits the orc warrior.
The orc warrior is lightly wounded.
You finish channelling your searing ray.
The orc warrior hits you from afar with a +0 halberd!
Casting: Searing Ray (safe; 1% risk of failure)
Confirm with . or Enter, or press ? or * to list all spells.
You don't have enough magic to cast this spell.
Unknown command.
Unknown command.
The orc warrior attacks as it pursues you!
The orc warrior misses you.
The orc warrior attacks as it pursues you!
The orc warrior hits you from afar with a +0 halberd!
* * * LOW HITPOINT WARNING * * *
The orc warrior attacks as it pursues you!
The orc warrior hits you from afar with a +0 halberd.
* * * LOW HITPOINT WARNING * * *
Casting: Searing Ray (safe; 1% risk of failure)
Confirm with . or Enter, or press ? or * to list all spells.
You miscast Iskenderun's Mystic Blast.
You are very lightly contaminated with residual magic.
Nothing appears to happen.
The orc warrior hits you from afar with a +0 halberd.
You die...

........#..............##
....#...##...###........#
....#.#......<##...#.#.##
......###..÷..##...#####
..........[...#....#
..............###..####
.........#....###.....##
........##[.......o.#..####
................@##.......##
.....>..)........##........#
..##.#...........###.....###
.#####............#......##
...###.##.....<...........#
...#.........#.......#...##
##...#......##.#.....##..###
....###......#.##.....##...#
...## .#...... #......†.###


You could see an orc warrior.

Vanquished Creatures
  A steam dragon (D:6)
  Menkaure (D:5)
  Edmund (D:5)
  A black bear (D:6)
  A sky beast (D:6)
  4 ice beasts
  2 ogres
  3 centaurs
  2 howler monkeys (D:6)
  Crazy Yiuf (D:5)
  3 hounds
  5 sleepcaps
  A gnoll bouda (D:6)
  An iguana (D:6)
  4 orc wizards
  7 gnolls
  10 adders
  A shadow imp (D:5)
  A white imp (D:6)
  2 ufetubi (D:6)
  A worm (D:3)
  6 dart slugs
  13 orcs
  10 ball pythons
  2 bats
  8 endoplasms
  2 giant cockroaches
  6 goblins
  3 hobgoblins
  2 quokkas
  2 frilled lizards (D:1)
  7 kobolds
  6 rats
120 creatures vanquished.

Vanquished Creatures (others)
  An orc (D:6)
1 creature vanquished.

Grand Total: 121 creatures vanquished

Notes
Turn   | Place    | Note
-------+----------+-------------------------------------------
     0 | D:1      | gruber the Deep Elf Conjurer began the quest for the Orb.
     0 | D:1      | Reached XP level 1. HP: 10/10 MP: 6/6
   269 | D:1      | Reached XP level 2. HP: 15/15 MP: 6/8
   356 | D:1      | Reached skill level 5 in Conjurations
   658 | D:1      | Found a faded altar of an unknown god.
   951 | D:2      | Found Wosit's General Store.
   992 | D:2      | Reached XP level 3. HP: 19/19 MP: 7/9
  1360 | D:2      | Reached XP level 4. HP: 24/24 MP: 5/11
  1441 | D:2      | Learned a level 2 spell: Searing Ray
  1517 | D:2      | Reached skill level 6 in Conjurations
  2736 | D:3      | Found an ancient bone altar of Kikubaaqudgha.
  2737 | D:3      | Found a radiant altar of Vehumet.
  2854 | D:3      | Became a worshipper of Vehumet
  3225 | D:3      | Reached XP level 5. HP: 9/28 MP: 1/13
  3704 | D:4      | Reached skill level 5 in Spellcasting
  3855 | D:4      | Reached skill level 7 in Conjurations
  4089 | D:4      | Found a burning altar of Makhleb.
  4095 | D:4      | Reached XP level 6. HP: 23/32 MP: 9/15
  4190 | D:5      | Entered Level 5 of the Dungeon
  4206 | D:4      | Learned a level 4 spell: Iskenderun's Mystic Blast
  4291 | D:5      | Noticed Menkaure
  4296 | D:5      | Killed Menkaure
  4297 | D:5      | Reached skill level 8 in Conjurations
  4458 | D:5      | Reached XP level 7. HP: 36/36 MP: 6/16
  4460 | D:5      | Identified the +0 leather armour of True Grit {Harm}
  4538 | D:5      | Reached skill level 9 in Conjurations
  4634 | D:5      | Noticed Edmund
  4654 | D:5      | Killed Edmund
  4842 | D:5      | Reached * piety under Vehumet
  4842 | D:5      | Offered knowledge of Sandblast by Vehumet.
  4843 | D:5      | Reached skill level 10 in Conjurations
  5249 | D:5      | Found a runed translucent door.
  5250 | D:5      | Noticed Crazy Yiuf
  5258 | D:5      | Killed Crazy Yiuf
  5380 | D:5      | Reached XP level 8. HP: 41/41 MP: 12/17
  5973 | D:6      | Reached skill level 11 in Conjurations
  6604 | D:6      | Reached skill level 12 in Conjurations
  6761 | D:6      | Paralysed by a gnoll for 5 turns
  6876 | D:6      | Reached XP level 9. HP: 45/45 MP: 9/18
  7027 | D:6      | Reached skill level 13 in Conjurations
  7083 | D:6      | Offered knowledge of Poisonous Vapours by Vehumet.
  7119 | D:6      | Slain by an orc warrior

Illustrated notes

Levels and vault maps discovered:
D:1:      lemuel_arrival_cross, layout_loops_ring, basic_ecumenical_altar,
          nicolae_titane
D:2:      layout_basic, serial_shops, shop, chequers_serial_rivers_micro_b,
          minmay_diced_spiral
D:3:      layout_loops_cross, nicolae_overflow_squiral, serial_bayou,
          serial_bayou_pond_e, serial_bayou_pond_c, serial_bayou_lagoon_b,
          serial_bayou_pond_c, item_on_display_a
D:4:      layout_cave_pools, makhleb_blood_cavern_becter,
          nicolae_ossuary_entry_ruins, glass_columns_b
D:5:      layout_gridville, uniq_menkaure, uniq_edmund, uniq_crazy_yiuf_cottage
D:6:      layout_cave_pools, serial_shops, shop, minmay_fractal_squares_5,
          uniq_jeremiah

Skill      XL: |  1  2  3  4  5  6  7  8  9 |
---------------+----------------------------+-----
Conjurations   | 5 6 7 8 10 12 13 | 13.0
Spellcasting   | 4 5 |  5.7
Dodging        | |  2.4
Stealth        | |  2.4

Action                     |  1- 3 |  4- 6 |  7- 9 || total
---------------------------+-------+-------+-------++-------
  Melee: Dagger            |       |     1 |     3 ||     4
   Cast: Magic Dart        |    67 |    77 |    78 ||   222
         Searing Ray       |       |    17 |    37 ||    54
         Iskenderun's Myst |       |       |     3 ||     3
 Armour: Robe              |     7 |    18 |    21 ||    46
         Steam dragon scal |       |       |    20 ||    20
  Dodge: Dodged            |     6 |    20 |    52 ||    78

Table legend: (Time is in decaauts)
 A = Elapsed time spent in this place.
 B = Non-inter-level travel time spent in this place.
 C = Inter-level travel time spent in this place.
 D = Time resting spent in this place.
 E = Time spent auto-exploring this place.
 F = Levels seen in this place.
 G = Mean time per level.
                   A        B        C        D        E       F      G
               +--------+--------+--------+--------+--------+-----+--------+
         Total |   7163 |   6774 |    389 |    246 |   5739 |   6 | 1193.8 |
       Dungeon |   7163 |   6774 |    389 |    246 |   5739 |   6 | 1193.8 |
               +--------+--------+--------+--------+--------+-----+--------+

Top non-repeatable levels by time:
     D:5: 2084 daAuts
     D:2: 1252 daAuts
     D:3: 1123 daAuts
     D:1: 1086 daAuts
     D:4: 942 daAuts
     D:6: 674 daAuts
